 Dungeon Crawl Stone Soup version 0.28.0-45-g0d030f2227 (webtiles) character file.

Game seed: 1422480368521278245

1778 Kziril the Fighter (level 9, -4/60 HPs)
             Began as a Gargoyle Fighter on Apr 19, 2022.
             Was an Initiate of Ashenzari.
             Killed from afar by Dowan (15 damage)
             ... with a stone arrow
             ... on level 5 of the Dungeon.
             The game lasted 00:16:56 (6343 turns).

Kziril the Fighter (Gargoyle Fighter)               Turns: 6343, Time: 00:16:58

Health: -4/60      AC: 28    Str: 28    XL:     9   Next: 8%
Magic:  9/9        EV:  7    Int:  9    God:    Ashenzari [......]
Gold:   330        SH: 10    Dex: 11    Spells: 8/8 levels left

rFire   . . .      SeeInvis .   t - +2 mace (protect)
rCold   . . .      Faith    .   c - +0 buckler
rNeg    + . .      Spirit   .   y - +0 plate armour "Cosmic Skepticism" {Melee, Elem} (curse)
rPois   ∞          Reflect  +   (no helmet)
rElec   +          Harm     .   g - +0 cloak
rCorr   .          Rampage  .   m - +0 pair of gloves
Will    .....                   (no boots)
Stlth   ..........              j - amulet of reflection
HPRegen 0.20/turn               s - +6 ring of strength
MPRegen 0.11/turn               (no ring)

@: mighty, under a protective aura
A: sickness immunity, AC +6, negative energy resistance 1, electricity
resistance, torment resistance 1, petrification resistance
a: Renounce Religion, Curse Item, Shatter the Chains


You were on level 5 of the Dungeon.
You worshipped Ashenzari.
Ashenzari was noncommittal.
You visited 1 branch of the dungeon, and saw 7 of its levels.

You collected 330 gold pieces.

Inventory:

Hand Weapons
 t - a +2 mace of protection (weapon)
Armour
 c - a +0 buckler (worn)
 g - a +0 cloak (worn)
 k - a scarf of resistance
 m - a +0 pair of gloves (worn)
 y - the cursed +0 plate armour "Cosmic Skepticism" (worn) {Melee, Elem}
   (You found it on level 5 of the Dungeon)

   It has a curse which improves the following skills: Melee Combat: Short
   Blades, Long Blades, Axes, Maces & Flails, Polearms, Staves and Unarmed
   Combat.
   Elements:  Fire Magic, Ice Magic, Air Magic and Earth Magic.
Jewellery
 j - an amulet of reflection (around neck)
 s - a +6 ring of strength (left hand)
 v - a +4 ring of protection
Wands
 o - a wand of iceblast (6)
 x - a wand of flame (6)
Scrolls
 a - a scroll of vulnerability {unknown}
 e - 5 scrolls of identify {unknown}
 f - a scroll of immolation
 p - 2 scrolls of blinking {unknown}
 r - 3 scrolls of enchant weapon {unknown}
 w - a scroll of silence {unknown}
Potions
 b - 5 potions of curing {unknown}
 h - 2 potions of degeneration {unknown}
 i - 2 potions of flight {unknown}
 l - a potion of brilliance {unknown}
 n - a potion of lignification {unknown}
 q - 3 potions of heal wounds {unknown}
 u - a potion of cancellation {unknown}
 z - a potion of attraction {unknown}


   Skills:
 * Level 8.5 Fighting
 + Level 5.4(5.8) Maces & Flails
 + Level 6.4 Armour
 + Level 6.4 Shields


You had 8 spell levels left.
You didn't know any spells.
Your spell library contained the following spells:

 Spells                   Type           Power      Damage    Failure   Level
 Ensorcelled Hibernation  Hex/Ice        0%         N/A       100%        2
 Passwall                 Tmut/Erth      0%         N/A       100%        2
 Call Canine Familiar     Summ           0%         N/A       100%        3
 Gell's Gravitas          Tloc           0%         N/A       100%        3
 Portal Projectile        Hex/Tloc       0%         N/A       100%        3
 Swiftness                Air            0%         N/A       100%        3
 Teleport Other           Tloc           0%         N/A       100%        3
 Cause Fear               Hex            0%         N/A       100%        4
 Leda's Liquefaction      Hex/Erth       0%         N/A       100%        4
 Dispersal                Tloc           0%         N/A       100%        6
 Dragon Form              Tmut           0%         N/A       100%        7
 Dragon's Call            Summ           0%         N/A       100%        9


Dungeon Overview and Level Annotations

Branches:
Dungeon (7/15)             Temple (0/1) D:4

Altars:
Ashenzari
Makhleb
Uskayaw
Zin

Annotations:
D:5 Dowan


Innate Abilities, Weirdness & Mutations

You are immune to sickness and miasma.
Your stone body is resilient. (AC +6)
You are immune to poison.
You resist negative energy. (rN+)
You are resistant to electric shocks. (rElec)
You are resistant to unholy torment.
You are immune to petrification.


Message History

Duvessa hits you with a +4 short sword of protection.
Dowan casts a spell.
Dowan blinks!
You hit Duvessa but do no damage.
Duvessa hits you with a +4 short sword of protection.
Dowan casts a spell.
Dowan blinks!
You closely miss Duvessa. You block Duvessa's attack.
You hit Duvessa but do no damage.
Duvessa says, "Where magic fails, the sword succeeds!"
Duvessa hits you with a +4 short sword of protection.
* * * LOW HITPOINT WARNING * * *
You closely miss Duvessa. Duvessa closely misses you.
You block Duvessa's attack.
You sock Duvessa!
Duvessa is moderately wounded.
Duvessa hits you but does no damage.
You hit Duvessa but do no damage.
Duvessa is moderately wounded.
Duvessa hits you but does no damage.
You hit Duvessa but do no damage.
Duvessa is moderately wounded.
Duvessa hits you with a +4 short sword of protection.
* * * LOW HITPOINT WARNING * * *
Dowan says, "Stay away from my face!"
You feel very mighty all of a sudden. You block Duvessa's attack.
You hit Duvessa.
Duvessa is moderately wounded.
Duvessa hits you but does no damage.
You sock Duvessa!
Duvessa is severely wounded.
Duvessa hits you but does no damage. Dowan hits you but does no damage.
You sock Duvessa!
You kill Duvessa!
Dowan's eyes darken. "You have made a black mistake."
Dowan seems to find hidden reserves of power!
Dowan points at you and mumbles some strange words.
The stone arrow hits you!
You die...

................#.......#
.......##.....###...e.e.#
.......##.....########'##
................>......#
.......................#
.......................#
.......................#
####+####.##..##)##....#
####.####'##..##@#####'#
......#.........e#.....#
......#..........#.....#
......#..........#.....#
......#..........+.....#
##...####'####...##....#
##...####.####...##....#
.......#....#..........#
.......#....#..........#


You could see Dowan (fast).

Vanquished Creatures
  Duvessa (D:5)
  2 black bears (D:5)
  A sky beast (D:5)
  2 necrophages (D:4)
  An ice beast (D:5)
  3 ogres
  A phantom (D:5)
  A water moccasin skeleton (D:5)
  6 killer bees (D:5)
  A howler monkey (D:4)
  A centaur zombie (D:5)
  A centaur skeleton (D:4)
  3 hounds
  An orc priest (D:3)
  A gnoll shaman (D:4)
  Ijyb (D:3)
  2 iguanas
  3 hound skeletons (D:4)
  8 gnolls
  A howler monkey skeleton (D:4)
  5 adders
  2 ufetubi (D:4)
  An adder skeleton (D:4)
  3 worms
  5 dart slugs
  8 orcs
  4 bats
  7 endoplasms
  7 goblins
  3 hobgoblins
  12 jackals
  5 kobolds
  7 quokkas
  5 ball pythons
  5 frilled lizards
  A jackal skeleton (D:4)
  4 rats
125 creatures vanquished.

Vanquished Creatures (others)
  3 plants (D:3)
3 creatures vanquished.

Grand Total: 128 creatures vanquished

Notes
Turn   | Place    | Note
-------+----------+-------------------------------------------
     0 | D:1      | Kziril the Gargoyle Fighter began the quest for the Orb.
     0 | D:1      | Reached XP level 1. HP: 14/14 MP: 1/1
   200 | D:1      | Reached XP level 2. HP: 19/19 MP: 2/2
   603 | D:1      | Found a faded altar of an unknown god.
   617 | D:1      | Prayed at the altar of an unknown god.
   617 | D:1      | Became a worshipper of Ashenzari the Shackled
  1081 | D:2      | Reached XP level 3. HP: 14/24 MP: 3/3
  1428 | D:2      | Reached skill level 4 in Fighting
  1730 | D:3      | Reached XP level 4. HP: 16/29 MP: 4/4
  2249 | D:3      | Noticed Ijyb
  2263 | D:3      | Killed Ijyb
  2264 | D:3      | Reached XP level 5. HP: 29/34 MP: 5/5
  2506 | D:3      | Reached skill level 5 in Fighting
  2627 | D:3      | Found a burning altar of Makhleb.
  2634 | D:3      | Found a hide-covered altar of Uskayaw.
  2637 | D:3      | Found a glowing silver altar of Zin.
  3075 | D:4      | Noticed a necrophage
  3085 | D:4      | Killed a necrophage
  3086 | D:4      | Reached XP level 6. HP: 36/40 MP: 6/6
  3539 | D:5      | Entered Level 5 of the Dungeon
  3601 | D:4      | Reached skill level 6 in Fighting
  3601 | D:4      | Reached XP level 7. HP: 20/46 MP: 7/7
  4012 | D:4      | Reached skill level 5 in Armour
  4012 | D:4      | Reached skill level 5 in Shields
  4119 | D:4      | Found a staircase to the Ecumenical Temple.
  4778 | D:5      | Reached XP level 8. HP: 52/52 MP: 8/8
  4820 | D:5      | Reached skill level 7 in Fighting
  5227 | D:6      | Noticed Duvessa
  5616 | D:5      | Reached skill level 5 in Maces & Flails
  5621 | D:5      | Reached skill level 8 in Fighting
  5940 | D:5      | Reached XP level 9. HP: 60/60 MP: 9/9
  6249 | D:6      | Noticed Dowan
  6343 | D:5      | Killed Duvessa
  6343 | D:5      | Killed from afar by Dowan

Illustrated notes

Levels and vault maps discovered:
D:1:      erik_arrival_cave_to_civilisation [erik_arrival_cave_to_hall],
          layout_loops_ring, hellmonk_ecumenical_altar_blasted,
          dk_noncrumbling_2
D:2:      layout_rooms, feat_on_display
D:3:      layout_loops_cross, minitemple, corexii_shack, uniq_ijyb
D:4:      minmay_opposing_rooms, layout_loops_corners, minmay_temple_entry_ruins
D:5:      layout_gridville, kennysheep_path_1
D:6:      layout_rooms, uniq_duvessa, uniq_menkaure
D:7:      layout_rooms, xom_shifter_show, lemuel_round_altar, serial_undead,
          serial_undead_b, serial_undead_a, serial_undead_f, serial_undead_d,
          serial_undead_f, serial_undead_b, gammafunk_ghost_icy, uniq_harold

Skill      XL: |  1  2  3  4  5  6  7  8 |
---------------+-------------------------+-----
Fighting       | 4 5 6 8 |  8.5
Shields        | 4 5 6 |  6.4
Armour         | 4 5 6 |  6.4
Maces & Flails | 3 4 5 |  5.4

Action                   |  1- 3 |  4- 6 |  7- 9 || total
-------------------------+-------+-------+-------++-------
Melee: Flail             |    94 |   203 |    36 ||   333
       Mace              |       |       |   184 ||   184
Invok: Curse Item        |       |       |     1 ||     1
  Use: Potion            |       |     1 |     1 ||     2
Armor: Scale mail        |    24 |       |       ||    24
       Chain mail        |    23 |   122 |   137 ||   282
       Plate armour      |       |       |    56 ||    56
Dodge: Dodged            |    46 |    79 |    90 ||   215
Block: Buckler           |    36 |   118 |   167 ||   321
       Reflection        |     1 |       |       ||     1
